Map: Coda LE (Void)

Players

GimliTerran (iaguz) - Winner!

  • Race: Terran Terran

FatalBunny

  • Race: Zerg Zerg

VOD

Have the link to the VOD?

Description

Time

  • Played on: April 29, 2015, 6:22 p.m.
  • Length: 9:23
Show
View Real Time Build Order
Export as new Build Order

GimliTerran Terran - Winner!

Build Orders: MMM Bio 

Get SALT Encoding   

  12  0:00  SCV  
  13  0:13  SCV  
  14  0:21  Supply Depot  
  14  0:25  SCV  
  16  0:42  SCV  
  16  0:44  Barracks  
  16  0:46  Refinery  
  16  0:55  SCV  
  17  1:02  Barracks  
  17  1:07  SCV  
  18  1:19  SCV  
  19  1:31  Orbital Command  
  19  1:32  Reaper  
  20  1:36  Supply Depot  
  20  1:46  Barracks  
  20  1:50  Reaper  
  21  1:54  Refinery  
  21  1:58  SCV  
  22  2:05  Reaper  
  23  2:10  SCV  
  24  2:21  Barracks  
  24  2:22  SCV, Reaper  
  26  2:33  Supply Depot  
  26  2:34  SCV  
  27  2:43  Reaper  
  28  2:46  SCV  
  28  2:48  Reaper  
  30  2:53  Barracks  
  30  2:57  Reaper  
  31  2:59  SCV  
  32  3:09  Reaper  
  33  3:22  Reaper x2  
  35  3:32  Reaper  
  35  3:33  SCV  
  36  3:35  Barracks  
  36  3:36  Supply Depot  
  36  3:41  Reaper  
  36  3:45  SCV  
  36  3:46  Reaper  
  39  3:58  SCV, Reaper  
  41  4:08  Reaper  
  42  4:12  SCV, Reaper  
  44  4:17  Supply Depot  
  44  4:18  Command Center  
  44  4:21  Reaper  
  45  4:24  SCV  
  45  4:27  Supply Depot  
  45  4:31  Reaper  
  46  4:45  Reaper  
  44  4:46  SCV  
  44  4:51  Command Center  
  45  4:54  Reaper  
  45  4:59  SCV  
  47  5:03  Reaper  
  47  5:15  Reaper  
  47  5:16  Reaper  
  47  5:17  SCV  
  48  5:31  Orbital Command  
  48  5:32  SCV  
  48  5:33  Barracks Tech Lab  
  49  5:36  Marine  
  49  5:41  Engineering Bay, Marine  
  51  5:43  Bunker  
  51  5:44  SCV  
  51  5:46  Marine  
  51  5:48  Marine  
  54  5:53  Marine  
  54  5:56  SCV  
  54  5:57  Marine  
  55  5:58  Barracks Tech Lab, Stimpack  
  55  6:03  Orbital Command  
  55  6:08  SCV, Marine  
  55  6:09  Marine x2  
  55  6:10  Orbital Command  
  57  6:18  Factory  
  57  6:19  Combat Shields  
  57  6:26  SCV  
  57  6:30  SCV  
  59  6:34  Refinery  
  59  6:35  Marine x3  
  59  6:36  Refinery, Marine x2  
  59  6:38  SCV  
  65  6:42  Terran Infantry Weapons Level 1, SCV  
  66  6:48  Marine  
  66  6:49  Orbital Command  
  66  6:51  SCV  
  68  6:55  SCV  
  68  6:56  Marine x5  
  74  7:03  SCV  
  74  7:04  Starport, Factory Reactor  
  74  7:05  Supply Depot, Marine  
  74  7:07  SCV  
  77  7:14  SCV  
  77  7:15  SCV  
  79  7:19  SCV, Marine  
  79  7:20  Barracks Reactor x2  
  79  7:21  Barracks Reactor  
  82  7:26  SCV  
  82  7:29  Barracks Reactor  
  81  7:33  Marine  
  81  7:34  SCV  
  81  7:35  SCV  
  81  7:36  Marine  
  85  7:38  SCV  
  86  7:44  Barracks  
  86  7:45  Barracks  
  86  7:46  Command Center  
  86  7:47  SCV x2  
  86  7:51  SCV, Marine  
  87  7:53  Factory Reactor  
  87  7:54  Marine  
  87  7:58  Marine x5  
  93  7:59  Marine  
  93  8:03  Medivac  
  93  8:04  Medivac  
  93  8:05  Marine x2  
  101  8:09  Supply Depot  
  101  8:15  SCV  
  101  8:16  Supply Depot x2  
  101  8:24  Marine  
  101  8:30  Marine x3  
  101  8:31  SCV x3, Marine x2  
  109  8:35  Barracks Reactor x2  
  109  8:37  Marine x4, Widow Mine x2  
  109  8:40  Armory  
  117  8:42  Supply Depot  
  117  8:43  Supply Depot  
  117  8:46  SCV x2  
  119  8:57  Marine  
  119  8:58  Engineering Bay, Marine x4  
Show
View Real Time Build Order
Export as new Build Order

FatalBunny Zerg 

Build Orders: Hatch First 

Get SALT Encoding   

  12  0:01  Drone  
  13  0:09  Drone  
  14  0:15  Extractor  
  14  0:16  Drone  
  14  0:21  Extractor  
  14  0:22  Drone  
  16  0:42  Hatchery  
  15  0:50  Extractor  
  15  0:53  Extractor  
  15  0:54  Drone  
  15  0:56  Overlord  
  15  1:11  Spawning Pool  
  15  1:15  Drone  
  15  1:19  Drone  
  16  1:27  Drone  
  16  1:31  Drone  
  18  1:40  Drone  
  19  1:49  Overlord  
  19  2:03  Queen  
  19  2:04  Queen  
  23  2:09  Metabolic Boost  
  23  2:16  Drone  
  23  2:18  Drone  
  23  2:21  Drone  
  26  2:25  Drone  
  26  2:28  Zergling x2  
  26  2:41  Extractor  
  25  2:48  Zergling x6  
  28  2:52  Drone x3  
  31  3:01  Zergling x2  
  31  3:02  Overlord  
  29  3:13  Zergling x4  
  29  3:14  Zergling x4  
  29  3:19  Zergling x4  
  33  3:25  Drone  
  34  3:31  Zergling x8  
  35  3:45  Zergling x12  
  39  3:51  Drone  
  39  3:55  Overlord  
  33  4:13  Drone  
  33  4:15  Roach Warren, Zergling x8  
  33  4:16  Zergling x2  
  38  4:22  Zergling x2  
  38  4:23  Zergling x4  
  36  4:57  Roach x4  
  43  5:05  Roach x4  
  43  5:07  Zergling x10  
  51  5:24  Queen  
  49  5:36  Overlord  
  49  5:38  Drone x2  
  49  5:42  Overlord x2  
  51  5:55  Drone x2  
  51  5:56  Drone x3, Overlord  
  51  6:08  Lair  
  52  6:11  Roach  
  52  6:13  Drone x5  
  52  6:16  Extractor  
  56  6:19  Roach  
  58  6:29  Drone x2  
  58  6:31  Extractor  
  59  6:38  Drone x2  
  59  6:39  Drone  
  62  6:41  Drone x3  
  62  6:44  Roach x3  
  71  6:48  Overlord  
  71  6:50  Roach  
  73  6:56  Drone  
  73  6:57  Extractor  
  73  7:05  Drone  
  73  7:07  Glial Reconstitution  
  74  7:09  Drone x2  
  74  7:11  Drone  
  74  7:14  Hatchery  
  76  7:16  Overlord  
  76  7:21  Hydralisk Den  
  75  7:23  Drone  
  74  7:36  Overlord  
  74  7:37  Drone x2  
  74  7:41  Evolution Chamber  
  74  7:42  Evolution Chamber  
  74  7:53  Lurker Den  
  74  7:55  Roach x4  
  82  8:04  Roach x6  
  82  8:33  Roach x2  
  82  8:34  Roach x4  
  92  8:38  Queen  
  94  8:47  Hydralisk  
  94  8:48  Hydralisk  
  98  8:50  Overlord  
  96  8:56  Overlord  
Tags
 
Composition
MMM Bio
Matchup
TvZ
Player
iaguz
Strategy
6 Rax Reaper
Add a new tag
Caveats
  • Supply blocks, unpowered buildings, or Contaminate may cause inaccurate times.
  • Supply counts are checked every 10 seconds.